 Dungeon Crawl Stone Soup version 0.29.1-12-g30fa7ad0bf (webtiles) character file.

Game seed: 13112281684509037976

53 wormed the Trooper (level 3, -8/24 HPs)
             Began as a Gargoyle Fighter on Dec 20, 2022.
             Killed by divine providence
             ... invoked by an orc priest
              (15 damage)
             ... on level 4 of the Dungeon.
             The game lasted 00:04:53 (2794 turns).

wormed the Trooper (Gargoyle Fighter)               Turns: 2794, Time: 00:04:55

Health: -8/24      AC: 13    Str: 21    XL:     3   Next: 89%
Magic:  3/3        EV:  7    Int:  8    God:
Gold:   178        SH:  5    Dex: 12    Spells: 2/2 levels left

rFire   + + .      SeeInvis .   a - +0 flail
rCold   + . .      Faith    .   c - +1 buckler
rNeg    + . .      Spirit   .   i - +0 chain mail
rPois   ∞          Reflect  .   b - +0 hat "Tubruemp" {rF++ rC+}
rElec   +          Harm     +   o - scarf {harm}
rCorr   .          Rampage  .   r - +0 pair of fencer's gloves {Riposte Dex+3}
Will    .....                   (no boots)
Stlth   ..........              (no amulet)
HPRegen 0.08/turn               (no ring)
MPRegen 0.08/turn               (no ring)

@: no status effects
A: sickness immunity, AC +3, negative energy resistance 1, electricity
resistance, torment resistance 1, petrification resistance
a: no special abilities


You were on level 4 of the Dungeon.
You visited 1 branch of the dungeon, and saw 4 of its levels.

You collected 178 gold pieces.

Inventory:

Hand Weapons
 a - a +0 flail (weapon)
Armour
 b - the +0 hat "Tubruemp" (worn) {rF++ rC+}
   (You acquired it on level 3 of the Dungeon)

   rF:        It greatly protects you from fire.
   rC:        It protects you from cold.
 c - a +1 buckler (worn)
 i - a +0 chain mail (worn)
 o - a scarf of harm (worn)
 r - the +0 pair of fencer's gloves (worn) {Riposte Dex+3}
   (You acquired it on level 3 of the Dungeon)

   It allows the wearer to riposte with melee weapons, swiftly retaliating
   against missed or blocked melee attacks.
   Dex:       It affects your dexterity (+3).
Jewellery
 p - a ring of wizardry
Scrolls
 n - 2 scrolls of identify
 q - a scroll of fear
Potions
 d - a potion of might
 f - a potion of lignification
 j - 3 potions of resistance
 k - a potion of degeneration


   Skills:
 + Level 3.7 Fighting
 * Level 3.0 Maces & Flails
 + Level 3.7 Armour
 + Level 3.7 Shields


You had 2 spell levels left.
You didn't know any spells.
Your spell library contained the following spells:

 Spells                   Type           Power      Damage    Failure   Level
 Apportation              Tloc           0%         N/A       99%         1
 Freeze                   Ice            0%         1d3       99%         1
 Call Canine Familiar     Summ           0%         N/A       100%        3
 Frozen Ramparts          Ice            0%         1d1       100%        3
 Portal Projectile        Hex/Tloc       0%         N/A       100%        3
 Hailstorm                Conj/Ice       0%         3d3       100%        4
 Leda's Liquefaction      Hex/Erth       0%         N/A       100%        4
 Alistair's Intoxication  Tmut/Pois      0%         N/A       100%        5


Dungeon Overview and Level Annotations

Branches:
Dungeon (4/15)
 Temple: D:4-7

Altars:


Innate Abilities, Weirdness & Mutations

You are immune to sickness and miasma.
Your stone body is resilient. (AC +3)
You are immune to poison.
You resist negative energy. (rN+)
You are resistant to electric shocks. (rElec)
You are resistant to unholy torment.
You are immune to petrification.


Message History

The orc priest is lightly wounded.
The orc priest hits you but does no damage.
The orc closely misses you.
You riposte.
You closely miss the orc. The orc hits you but does no damage.
The orc misses you.
The orc priest hits you but does no damage.
The orc barely misses you.
You riposte.
You sock the orc!
You kill the orc!
You hit the orc priest.
The orc priest is lightly wounded.
The orc priest hits you but does no damage.
The orc hits you but does no damage.
You barely miss the orc priest.
The orc priest is lightly wounded.
You block the orc's attack.
You riposte.
You hit the orc but do no damage. You block the orc priest's attack.
You riposte.
You barely miss the orc priest.
The orc priest is lightly wounded.
You feel better.
The orc priest hits you but does no damage.
The orc hits you with a +0 club.
You thump the orc priest!
The orc priest is severely wounded.
You block the orc's attack. The orc priest closely misses you.
You hit the orc priest but do no damage.
The orc priest is severely wounded.
The orc hits you but does no damage.
The orc priest hits you with a +0 short sword. x2
The orc closely misses you.
You hit the orc priest.
The orc priest is almost dead.
You block the orc priest's attack.
You riposte.
You barely miss the orc priest.
The orc priest is almost dead.
The orc hits you but does no damage.
You hit the orc priest.
The orc priest is almost dead.
The orc hits you with a +0 club.
* * * LOW HITPOINT WARNING * * *
The orc priest mumbles some strange prayers to Beogh against you.
Beogh smites you!
Ouch! That really hurt!
You die...

#..#..(....##.#
###.######.##.#
#.# #.##.# #.#
#<##.# #.#
#.##.# #.# #.#
#.# #.#
#.######.#
#......o@#
######)o# #..#
#..# ...# ##.##
#. ##


You could see an orc priest and an orc.

Vanquished Creatures
  An adder (D:2)
  An orc (D:4)
  A ball python (D:3)
  7 endoplasms
  2 giant cockroaches (D:3)
  4 goblins
  4 hobgoblins
  4 jackals (D:1)
  4 kobolds
  A quokka (D:2)
  4 bats
  2 frilled lizards
  A rat (D:3)
36 creatures vanquished.

Vanquished Creatures (others)
  2 plants (D:1)
  4 withered plants (D:1)
6 creatures vanquished.

Grand Total: 42 creatures vanquished

Notes
Turn   | Place    | Note
-------+----------+-------------------------------------------
     0 | D:1      | wormed the Gargoyle Fighter began the quest for the Orb.
     0 | D:1      | Reached XP level 1. HP: 14/14 MP: 1/1
    65 | D:1      | Reached XP level 2. HP: 10/19 MP: 2/2
   367 | D:1      | Found a faded altar of an unknown god.
  1758 | D:2      | Reached XP level 3. HP: 23/23 MP: 3/3
  2320 | D:3      | Identified the +1 chain mail "Risefuf" {Slay+2}
  2709 | D:3      | Identified 2 scrolls of acquirement
  2709 | D:3      | Acquired the +0 pair of fencer's gloves {Riposte Dex+3}
  2709 | D:3      | Found the +0 pair of fencer's gloves {Riposte Dex+3}
  2710 | D:3      | Acquired the +0 hat "Tubruemp" {rF++ rC+}
  2794 | D:4      | Killed from afar by an orc priest

Illustrated notes

Levels and vault maps discovered:
D:1:      dpeg_arrival_leaves_temple_mockup, layout_basic,
          shapermc_ecumenical_altar_flowoftime
D:2:      layout_loops_ring, amcnicky_mini_corridor_feature
D:3:      layout_rooms, grunt_ministairs_9, dreamdust_princess_corridor,
          roderic_roman_lattice
D:4:      layout_loops_ring, mainiacjoe_overflow_two_lobes, minmay_fountain_box,
          st_stairs_5

Skill      XL: |  1  2  3 |
---------------+----------+-----
Maces & Flails | 3 |  3.0
Fighting       | |  3.7
Armour         | |  3.7
Shields        | |  3.7

Action                   || total
-------------------------++-------
Melee: Flail             ||   135
  Use: Scroll            ||    11
       Potion            ||     1
Armor: Scale mail        ||    33
       Chain mail        ||    55
Dodge: Dodged            ||    63
Block: Buckler           ||    28
       Rpst.: Flail      ||     5
